 Dungeon Crawl Stone Soup version 0.24.0-13-gcf9b3192b9 (webtiles) character file.

Game seed: 15538654959151833360, levelgen mode: deterministic

202508 Bram the Warrior (level 19, -6/124 HPs)
             Began as a Kobold Ice Elementalist on Nov 6, 2019.
             Was the Champion of Kikubaaqudgha.
             Killed from afar by a shock serpent (23 damage)
             ... with a bolt of electricity
             ... on level 4 of the Snake Pit on Nov 7, 2019.
             The game lasted 03:42:33 (67738 turns).

Bram the Warrior (Kobold Ice Elementalist)         Turns: 67738, Time: 03:42:33

Health: -6/124     AC: 16    Str:  7    XL:     19   Next: 29%
Magic:  11/33      EV: 25    Int: 23    God:    Kikubaaqudgha [******]
Gold:   2990       SH:  9    Dex: 15    Spells: 3/38 levels left

rFire    . . .     SeeInvis .   a - +2 hand axe "Kirpheul" {freeze, rPois}
rCold    . . .     Gourm    .   Z - +0 buckler
rNeg     . . .     Faith    .   y - +2 leather armour {MR+}
rPois    +         Spirit   .   W - +2 hat {MR+}
rElec    .         Reflect  +   s - scarf {cloud immunity}
rCorr    .         Harm     .   E - +2 pair of gloves
MR       +++..                  D - +0 pair of boots
Stlth    ++........             M - +3 amulet of reflection
HPRegen  0.30/turn              n - ring of poison resistance
MPRegen  0.23/turn              z - +5 ring of protection

@: lethally poisoned (-6 -> -8), death channel
A: small, carnivore
}: 1/15 runes: decaying
a: Receive Corpses, Torment, Brand Weapon With Pain, Receive Necronomicon,
Renounce Religion


You were on level 4 of the Snake Pit.
You worshipped Kikubaaqudgha.
Kikubaaqudgha was exalted by your worship.
You were not hungry.

You visited 6 branches of the dungeon, and saw 32 of its levels.

You collected 3642 gold pieces.
You spent 652 gold pieces at shops.

Inventory:

Hand Weapons
 a - the +2 hand axe "Kirpheul" (weapon) {freeze, rPois}
   (You found it on level 7 of the Dungeon)

   It has been specially enchanted to freeze those struck by it, causing extra
   injury to most foes and up to half again as much damage against particularly
   susceptible opponents.
   It can also slow down cold-blooded creatures.
   It protects you from poison.
 S - the +7 hand crossbow "Otzaasez" {velocity, rF++ rC+}
   (You found it on level 9 of the Dungeon)

   Any bolt fired from it inflicts extra damage.
   It greatly protects you from fire.
   It protects you from cold.
 V - a +3 rapier of electrocution
Missiles
 J - 6 throwing nets (quivered)
 T - 228 bolts
Armour
 p - +0 swamp dragon scales
 s - a scarf of cloud immunity (worn)
 y - a +2 leather armour of magic resistance (worn)
 D - a +0 pair of boots (worn)
 E - a +2 pair of gloves (worn)
 W - a +2 hat of magic resistance (worn)
 Z - a +0 buckler (worn)
Jewellery
 l - an uncursed ring of positive energy
 n - a ring of poison resistance (left hand)
 z - a +5 ring of protection (right hand)
 G - an uncursed ring of protection from magic
 M - a +3 amulet of reflection (around neck)
 N - an uncursed ring of see invisible
 R - an uncursed ring of protection from cold
Wands
 b - a wand of clouds (5)
 B - a wand of paralysis (14)
 C - a wand of iceblast (28)
 F - a wand of enslavement (9)
 K - a wand of digging (3)
 U - a wand of disintegration (21)
Scrolls
 d - 20 scrolls of identify
 f - 10 scrolls of remove curse
 j - 5 scrolls of magic mapping
 q - 3 scrolls of immolation
 t - 3 scrolls of enchant weapon
 v - 7 scrolls of amnesia
 w - 2 scrolls of enchant armour
 x - 3 scrolls of teleportation
 H - 4 scrolls of fear
 I - 3 scrolls of blinking
 X - 2 scrolls of torment
 Y - 4 scrolls of fog
Potions
 e - 11 potions of curing
 g - 4 potions of magic
 i - 5 potions of agility
 k - 7 potions of mutation
 m - a potion of invisibility
 o - 4 potions of flight
 r - 8 potions of haste
 u - 9 potions of lignification
 A - 3 potions of brilliance
 L - 4 potions of might
 O - 4 potions of resistance
 P - 2 potions of cancellation
 Q - 2 potions of berserk rage
Comestibles
 c - 47 rations


   Skills:
 - Level 15.0 Fighting
 - Level 15.0 Dodging
 - Level 4.0 Stealth
 - Level 5.8 Shields
 - Level 10.0 Spellcasting
 - Level 3.0 Conjurations
 - Level 7.0 Summonings
 - Level 14.0 Necromancy
 - Level 2.0 Translocations
 + Level 14.8 Ice Magic
 - Level 14.0 Earth Magic


You had 3 spell levels left.
You knew the following spells:

 Your Spells              Type           Power        Failure   Level  Hunger
a - Freeze                Ice            ####         1%          1    None
b - Throw Frost           Conj/Ice       ######       1%          2    None
c - Summon Ice Beast      Ice/Summ       ######..     1%          4    #......
d - Borgnjor's Vile Clut  Necr/Erth      ######....   1%          5    ####...
e - Blink                 Tloc           N/A          5%          2    None
f - Dispel Undead         Necr           ######..     1%          5    ####...
g - Animate Dead          Necr           N/A          1%          4    #......
h - Simulacrum            Ice/Necr       ######....   3%          6    ######.
i - Death Channel         Necr           ######....   4%          6    ######.

Your spell library contained the following spells:

 Spells                   Type           Power        Failure   Level  Hunger
 Animate Skeleton         Necr           N/A          1%          1    None
 Pain                     Necr           ####         1%          1    None
 Sandblast                Erth           ######       1%          1    None
 Call Imp                 Summ           #####...     1%          2    None
 Corpse Rot               Necr           N/A          1%          2    None
 Ensorcelled Hibernation  Hex/Ice        #####.       1%          2    None
 Passwall                 Tmut/Erth      #####...     1%          2    None
 Sublimation of Blood     Necr           ######....   1%          2    None
 Ozocubu's Armour         Chrm/Ice       #####...     1%          3    None
 Regeneration             Chrm/Necr      #####.....   1%          3    None
 Stone Arrow              Conj/Erth      ######       1%          3    None
 Vampiric Draining        Necr           ######....   1%          3    None
 Magic Dart               Conj           ####         2%          1    None
 Shock                    Conj/Air       ###.         4%          1    None
 Sting                    Conj/Pois      ###.         4%          1    None
 Recall                   Summ/Tloc      N/A          4%          3    None
 Confusing Touch          Hex            ##....       9%          1    None
 Corona                   Hex            ##.....      9%          1    None
 Gell's Gravitas          Tloc           ###.......   11%         3    None
 Poisonous Vapours        Pois/Air       ##....       13%         2    None
 Slow                     Hex            ##......     13%         2    None
 Swiftness                Chrm/Air       ##......     13%         2    None
 Conjure Flame            Conj/Fire      ###.....     14%         3    None
 Dazzling Spray           Conj/Hex       ###...       14%         3    None
 Static Discharge         Conj/Air       ###.....     14%         3    None
 Mephitic Cloud           Conj/Pois/Air  ###.....     17%         3    None
 Confuse                  Hex            ##......     26%         3    None
 Tukima's Dance           Hex            ##......     26%         3    None
 Agony                    Necr           ######..     1%          5    ####...
 Lee's Rapid Deconstruct  Erth           ######....   1%          5    ####...
 Throw Icicle             Conj/Ice       ######..     2%          4    #......
 Petrify                  Tmut/Erth      #####...     4%          4    #......
 Bolt of Draining         Conj/Necr      ######....   7%          5    ####...
 Metabolic Englaciation   Hex/Ice        #####.....   12%         5    ####...
 Bolt of Magma            Conj/Fire/Erth #####.....   22%         5    ####...
 Iron Shot                Conj/Erth      ######....   36%         6    ######.
 Airstrike                Air            ##........   63%         4    #......
 Olgreb's Toxic Radiance  Pois           ##......     63%         4    #......
 Freezing Cloud           Conj/Ice/Air   #####.....   75%         6    ######.
 Iskenderun's Battlesphe  Conj/Chrm      ###.....     77%         5    ####...
 Lightning Bolt           Conj/Air       ###.......   77%         5    ####...
 Venom Bolt               Conj/Pois      ###.......   77%         5    ####...
 Yara's Violent Unravell  Hex/Tmut       ##........   93%         5    ####...
 Orb of Destruction       Conj           ####......   100%        7    #######
 Ring of Flames           Chrm/Fire      ##........   100%        7    #######
 Spellforged Servitor     Conj/Summ      ####......   100%        7    #######
 Tornado                  Air            ##........   100%        9    #######


Dungeon Overview and Level Annotations

Branches:
Dungeon (15/15)            Temple (1/1) D:4            Lair (6/6) D:9
  Swamp (4/4) Lair:3        Snake (4/4) Lair:2        Slime (0/5) Lair:6
    Orc (2/2) D:9             Elf (0/3) Orc:2        Vaults (0/5) D:13
 Depths (0/5) D:15

Altars:
Ashenzari
Cheibriados
Dithmenos
Elyvilon
Fedhas
Gozag
Hepliaklqana
Kikubaaqudgha
Makhleb
Nemelex Xobeh
Okawaru
Qazlal
Ru
Sif Muna
Trog
Uskayaw
Vehumet
Wu Jian
Xom
Yredelemnul
Zin
The Shining One
Beogh
Jiyva

Shops:
D:13 %   Orc:2 !}(**

Annotations:
D:9 1 runed translucent door
D:11 1 runed translucent door, loom's ghost, journeyman HOBe
Lair:3 1 exclusion, Rupert


Innate Abilities, Weirdness & Mutations

You are small and have problems with some larger weapons.
You are carnivorous and can eat meat at any time.


Message History

Confirm with . or Enter, or press ? or * to list all spells.
Aiming: Borgnjor's Vile Clutch (safe; 1% risk of failure)
Press: ? - help, Dir - move target cursor, f - spectral naga ritualist
Aim: a spectral naga ritualist (lightly damaged, friendly) Decaying hands burst forth from the earth!
Your spectral naga ritualist is unaffected.
Zombie hands grab the naga.
Your spectral naga sharpshooter is unaffected.
Your spectral naga is unaffected.
Your spectral salamander is unaffected.
Zombie hands grab the naga. x2
The zombie hands constrict the naga. x2; The zombie hands constrict the naga!
You feel sick.
The shock serpent shoots out a bolt of lightning at you!
The bolt of electricity hits your spectral naga sharpshooter!
The bolt of electricity hits the naga!
The bolt of electricity hits your spectral naga!
The bolt of electricity hits your spectral naga mage!
The bolt of electricity hits you!!
You die...
Kikubaaqudgha rasps: "You have failed me!
Welcome... death!"

#......#####.)....####
.....................
..))...........)...# .
.)())...........:..#..
..)......(............
......######......##
####### #......#
#......# #...Z@.#
#..Z(..# #...)Z.#
.......)Z....
..#....NZ(.).^. ..
#....)ZZ..... .
......ZNN..)..
####...S..#####
#......#


You could see a shock serpent, 3 nagas, 4 friendly spectral nagas, a friendly
spectral naga mage, a friendly spectral salamander, a friendly spectral naga
ritualist and a friendly spectral naga sharpshooter.

Vanquished Creatures
  Nikola (Swamp:3)
  Kirke (Swamp:4)
  Frances (D:12)
  2 thorn hunters (Swamp:4)
  Aizul (Snake:2)
  2 nagarajas
  An ironheart preserver (D:13)
  A fire dragon (D:15)
  Josephine (D:13)
  Fannar (D:11)
  2 naga warriors
  2 ghost crabs (Swamp:4)
  15 hydras
  2 anacondas
  2 centaur warriors
  A death knight (D:11)
  2 two-headed ogres (D:13)
  An ogre mage (Orc:2)
  12 alligators
  7 shock serpents
  An orc high priest (Orc:2)
  Urug (Lair:6)
  3 death yaks (Lair:6)
  A tengu warrior (Swamp:2)
  6 naga sharpshooters
  3 salamander mystics (Snake:3)
  6 skeletal warriors
  2 spriggans (Swamp:1)
  2 unseen horrors
  7 swamp dragons
  A spriggan druid (Swamp:4)
  An obsidian statue (D:14)
  A necromancer (D:15)
  A wizard (D:15)
  2 lindwurms (Lair:4)
  3 deep elf magi (D:15)
  2 orc knights
  3 mana vipers
  5 orc sorcerers (Orc:2)
  2 cyclopes
  A wolf spider zombie (D:15)
  12 ugly things
  2 manticores
  7 salamanders
  A manticore (shapeshifter) (D:13)
  2 guardian serpents
  Maurice (D:11)
  16 black mambas
  A torpor snail (Lair:4)
  18 naga magi
  An ice statue (D:14)
  15 spiny frogs
  3 orange demons (D:12)
  A gargoyle (D:14)
  A kobold demonologist (D:14)
  4 komodo dragons
  5 yaktaurs (D:14)
  7 rime drakes
  A tengu conjurer (Swamp:2)
  An efreet (D:15)
  3 red devils (D:12)
  A polar bear (Lair:6)
  A merfolk (D:9)
  3 slime creatures
  9 trolls
  7 tyrant leeches
  14 blink frogs
  13 hippogriffs
  4 bog bodies
  4 hornets
  A slime creature (shapeshifter) (D:14)
  5 wraiths
  A yak (shapeshifter) (D:14)
  19 yaks
  A human (shapeshifter) (D:9)
  11 wyverns
  3 fire bats (Orc:1)
  5 hogs (Swamp:4)
  A basilisk (Lair:2)
  Grum (D:11)
  12 vampire mosquitoes
  14 swamp worms
  4 wargs
  4 insubstantial wisps (Swamp:1)
  An acid dragon (D:13)
  34 nagas
  A hell hound (D:14)
  4 porcupines
  5 water moccasins
  8 swamp drakes (Swamp:4)
  4 ice beasts
  4 sky beasts
  4 black bears
  19 orc warriors
  A phantom (D:9)
  7 wolves
  11 ogres
  24 centaurs
  9 crocodiles
  4 big kobolds
  25 bullfrogs
  4 scorpions
  10 killer bees
  20 wights
  4 howler monkeys
  An electric eel (Lair:6)
  5 crimson imps
  3 bullfrog zombies
  3 centaur zombies
  A quasit (D:9)
  2 jellies
  5 hounds
  28 orc priests
  A gnoll shaman (D:8)
  2 bullfrog skeletons
  4 centaur skeletons
  3 iguanas
  A polar bear simulacrum (Lair:6)
  12 worker ants
  29 orc wizards
  5 yak simulacra (Lair:6)
  2 wolf simulacra (Lair:6)
  Robin (D:3)
  10 adders
  12 gnolls
  4 adder skeletons
  An adder zombie (D:9)
  2 worms
  5 dart slugs
  7 leopard geckos
  70 orcs
  A ball python (D:2)
  6 bats
  4 giant cockroaches
  12 goblins
  15 hobgoblins
  8 jackals
  4 quokkas
  8 frilled lizards
  22 kobolds
  A quokka skeleton (D:9)
  7 rats
  A fungus (Snake:1)
  4 plants
867 creatures vanquished.

Vanquished Creatures (collateral kills)
  Gastronok (D:11)
  4 nagarajas
  A very ugly thing (Swamp:4)
  5 naga warriors
  12 hydras
  A centaur warrior (D:15)
  2 shambling mangroves (Swamp:3)
  A two-headed ogre (D:9)
  5 anacondas
  An orc high priest (Orc:2)
  6 death yaks
  8 alligators
  3 naga sharpshooters
  3 shock serpents
  A salamander mystic (Snake:4)
  4 swamp dragons
  4 naga ritualists
  3 lindwurms
  A necromancer (Lair:6)
  4 deep elf magi
  A wolf spider zombie (D:15)
  9 ugly things
  2 cyclopes (D:12)
  A guardian serpent (Snake:2)
  7 salamanders
  3 elephants
  12 black mambas
  7 naga magi
  Joseph (Lair:1)
  A centaur zombie (D:13)
  A centaur skeleton (D:12)
  A gargoyle (D:12)
  17 spiny frogs
  4 rime drakes
  A komodo dragon (Lair:4)
  A troll (D:14)
  6 tyrant leeches
  3 hornets
  15 blink frogs
  2 bog bodies
  20 slime creatures
  3 hippogriffs
  A spriggan (Swamp:1)
  18 yaks
  4 wraiths
  2 wyverns (D:14)
  A basilisk (Lair:6)
  A vampire (D:9)
  2 hungry ghosts
  22 vampire mosquitoes
  3 wargs
  9 insubstantial wisps
  11 nagas
  3 swamp worms
  5 water moccasins
  A hell hound (D:14)
  3 orc warriors
  A sky beast (D:10)
  5 swamp drakes
  A phantom (D:11)
  2 ice beasts
  3 wolves
  An ogre (Orc:2)
  8 centaurs
  6 crocodiles
  5 bullfrogs
  A wyvern zombie (D:9)
  A wight (D:6)
  A bullfrog zombie (D:12)
  A bullfrog skeleton (D:11)
  An orc priest (D:12)
  A jelly (D:9)
  A polar bear simulacrum (Lair:6)
  A yak simulacrum (Lair:6)
  A hound skeleton (D:9)
  An adder (D:12)
  2 orcs (Orc:1)
  A quokka zombie (D:9)
  A river rat simulacrum (Lair:6)
  2 fungi
322 creatures vanquished.

Vanquished Creatures (others)
  2 naga sharpshooters
  A komodo dragon (D:15)
  2 briar patches (Swamp:4)
  A bush (D:7)
  23 fungi
  51 plants
80 creatures vanquished.

Grand Total: 1269 creatures vanquished

Notes
Turn   | Place    | Note
-------+----------+-------------------------------------------
     0 | D:1      | Bram the Kobold Ice Elementalist began the quest for the
                  | Orb.
     0 | D:1      | Reached XP level 1. HP: 10/10 MP: 3/3
   209 | D:1      | Reached XP level 2. HP: 6/16 MP: 0/5
   453 | D:1      | Reached skill level 1 in Fighting
   816 | D:1      | Reached XP level 3. HP: 15/20 MP: 2/6
  1238 | D:2      | Learned a level 2 spell: Throw Frost
  1322 | D:2      | Reached XP level 4. HP: 23/26 MP: 0/7
  1921 | D:2      | You fall into a shaft and drop 2 floors!
  2015 | D:4      | Reached XP level 5. HP: 14/31 MP: 1/8
  2300 | D:4      | Found a staircase to the Ecumenical Temple.
  2343 | Temple   | Entered the Ecumenical Temple
  2538 | Temple   | Became a worshipper of Kikubaaqudgha
  2642 | D:3      | Noticed Robin
  3875 | D:3      | Reached XP level 6. HP: 20/37 MP: 0/9
  4927 | D:3      | Killed Robin
  4930 | D:3      | Reached * piety under Kikubaaqudgha
  4930 | D:3      | Identified Kikubaaqudgha's Grimoire of Dark Rituals
                  | (Kikubaaqudgha gifted it to you on level 3 of the Dungeon)
  4930 | D:3      | Received a gift from Kikubaaqudgha
  5487 | D:3      | Reached skill level 5 in Dodging
  5711 | D:4      | Learned a level 4 spell: Summon Ice Beast
  5807 | D:4      | Reached XP level 7. HP: 29/43 MP: 3/10
  6166 | D:5      | Entered Level 5 of the Dungeon
  6260 | D:5      | Reached skill level 1 in Summonings
  6467 | D:5      | Found a radiant altar of Vehumet.
  7852 | D:6      | Found a glowing silver altar of Zin.
  8079 | D:6      | Reached skill level 5 in Fighting
  8079 | D:6      | Reached XP level 8. HP: 44/49 MP: 6/11
  8335 | D:7      | Got a polished hand axe
  8789 | D:7      | Reached ** piety under Kikubaaqudgha
  8801 | D:7      | Reached skill level 5 in Ice Magic
  9420 | D:7      | Identified the +2 hand axe "Kirpheul" {freeze, rPois} (You
                  | found it on level 7 of the Dungeon)
  9473 | D:7      | Reached skill level 5 in Summonings
  9531 | D:7      | Found a shimmering altar of Xom.
  9531 | D:7      | Found a hazy altar of Hepliaklqana.
  9531 | D:7      | Found a white marble altar of Elyvilon.
  9971 | D:8      | Reached XP level 9. HP: 43/54 MP: 7/13
 11239 | D:6      | Found a glowing silver altar of Zin.
 12009 | D:9      | Noticed a hippogriff
 12019 | D:9      | Killed a hippogriff
 12019 | D:9      | HP: 1/54 [centaur (5)]
 12020 | D:9      | Reached *** piety under Kikubaaqudgha
 12020 | D:9      | Identified Kikubaaqudgha's Tome of Unholy Rites
                  | (Kikubaaqudgha gifted it to you on level 9 of the Dungeon)
 12020 | D:9      | Received a gift from Kikubaaqudgha
 12627 | D:9      | Noticed a death yak
 12633 | D:9      | Found a staircase to the Lair.
 12666 | D:9      | Reached skill level 5 in Spellcasting
 12670 | D:9      | Noticed a death yak
 12674 | D:9      | Killed a death yak
 12674 | D:9      | Reached XP level 10. HP: 25/59 MP: 3/19
 12676 | D:9      | Noticed a death yak
 12873 | D:9      | Found a staircase to the Orcish Mines.
 13149 | D:9      | Found a runed translucent door.
 13180 | D:9      | Killed a death yak
 13566 | D:9      | Learned a level 5 spell: Borgnjor's Vile Clutch
 13569 | D:9      | Learned a level 2 spell: Blink
 13620 | D:9      | HP: 3/60 [death yak (23)]
 13622 | D:9      | Killed a death yak
 13622 | D:9      | Reached skill level 1 in Translocations
 14100 | D:9      | Noticed a deep elf mage
 14102 | D:9      | Noticed a two-headed ogre
 14102 | D:9      | Noticed a green ugly thing
 14509 | D:9      | Killed a two-headed ogre
 14734 | D:9      | Identified the +10 lajatang "Doifup" {flame, *Noise rElec
                  | MR+++ Dex-4}
 15010 | D:9      | Killed a green ugly thing
 15010 | D:9      | Reached skill level 1 in Necromancy
 15010 | D:9      | Reached skill level 1 in Earth Magic
 15010 | D:9      | Reached XP level 11. HP: 58/67 MP: 13/21
 15075 | D:9      | Killed a deep elf mage
 15088 | D:9      | Got a translucent hand crossbow
 15128 | D:9      | Identified the +7 hand crossbow "Otzaasez" {velocity, rF++
                  | rC+} (You found it on level 9 of the Dungeon)
 15252 | D:9      | Found a staircase to the Lair.
 15299 | D:9      | Found a staircase to the Orcish Mines.
 15647 | Lair:1   | Entered Level 1 of the Lair of Beasts
 15954 | Lair:1   | Noticed Joseph
 15983 | Lair:1   | Killed Joseph
 16184 | Lair:1   | Got a heavily runed ring mail
 16411 | Lair:1   | Found a sacrificial altar of Ru.
 17408 | Lair:2   | Found a staircase to the Snake Pit.
 18359 | Lair:2   | Identified the +5 ring mail "Hesefef" {Str+3} (You found it
                  | on level 1 of the Lair of Beasts)
 18421 | Lair:3   | Noticed an elephant
 18422 | Lair:3   | Noticed an elephant
 18426 | Lair:3   | Noticed an elephant
 18430 | Lair:3   | Killed an elephant
 18450 | Lair:2   | Killed an elephant
 18590 | Lair:3   | Killed an elephant
 18837 | Lair:3   | Reached **** piety under Kikubaaqudgha
 19137 | Lair:3   | Reached skill level 10 in Fighting
 19804 | Lair:3   | Noticed Rupert
 19849 | Lair:3   | Reached XP level 12. HP: 75/77 MP: 6/22
 19948 | Lair:3   | Found a staircase to the Swamp.
 20836 | Lair:4   | Reached skill level 5 in Necromancy
 20836 | Lair:4   | Reached skill level 5 in Earth Magic
 21191 | Lair:4   | Reached skill level 10 in Dodging
 22445 | Lair:4   | Found the +3 crown of Dyrovepreva {rElec Int+2 SInv}
 23757 | Lair:5   | Found a shimmering altar of Xom.
 24227 | Lair:5   | Noticed a seven-headed hydra
 24250 | Lair:5   | Killed a seven-headed hydra
 25199 | Lair:6   | Entered Level 6 of the Lair of Beasts
 25929 | Lair:5   | Reached XP level 13. HP: 52/87 MP: 2/23
 28008 | Lair:6   | Noticed Urug
 29895 | Lair:6   | Reached ***** piety under Kikubaaqudgha
 30771 | Lair:6   | Killed Urug
 30815 | Lair:6   | Found a viscous altar of Jiyva.
 30816 | Lair:6   | Found a staircase to the Slime Pits.
 30918 | Lair:6   | Noticed a six-headed hydra
 30930 | Lair:6   | Killed a six-headed hydra
 31037 | Lair:6   | Reached skill level 1 in Shields
 31209 | Lair:6   | Noticed a seven-headed hydra
 31219 | Lair:6   | Killed a seven-headed hydra
 31731 | Lair:5   | Reached XP level 14. HP: 77/96 MP: 2/27
 32397 | Lair:6   | Found a staircase to the Slime Pits.
 32397 | Lair:6   | Found a viscous altar of Jiyva.
 33993 | Lair:6   | Found a viscous altar of Jiyva.
 33995 | Lair:6   | Found a staircase to the Slime Pits.
 34780 | D:10     | Entered Level 10 of the Dungeon
 36481 | D:10     | Reached skill level 10 in Spellcasting
 36939 | D:11     | Found a runed translucent door.
 37041 | D:11     | Reached skill level 5 in Shields
 37202 | D:11     | Noticed Gastronok
 37357 | D:11     | Killed Gastronok
 37508 | D:11     | Noticed Grum
 37541 | D:11     | Killed Grum
 38316 | D:11     | Noticed Maurice
 38341 | D:11     | Killed Maurice
 38597 | D:11     | Noticed Fannar
 38603 | D:11     | Killed Fannar
 39409 | D:11     | Identified the +8 spear "Worm" {speed, rPois Str+4}
 39410 | D:11     | Noticed loom's ghost (journeyman HOBe)
 39442 | D:12     | Noticed Frances
 39457 | D:12     | Killed Frances
 41059 | D:12     | Reached ****** piety under Kikubaaqudgha
 41600 | D:12     | Reached skill level 10 in Earth Magic
 41600 | D:12     | Reached XP level 15. HP: 101/101 MP: 16/29
 41985 | D:13     | Reached skill level 15 in Fighting
 41985 | D:13     | Reached skill level 10 in Necromancy
 42547 | D:13     | Noticed an ironheart preserver
 42576 | D:13     | Killed an ironheart preserver
 42784 | D:13     | Found Egiwow's Food Boutique.
 43319 | D:13     | Noticed Josephine
 43638 | D:13     | Killed Josephine
 43816 | D:13     | Found a gate to the Vaults.
 44009 | D:13     | Learned a level 5 spell: Dispel Undead
 44014 | D:13     | Learned a level 4 spell: Animate Dead
 46208 | D:14     | Reached XP level 16. HP: 72/108 MP: 7/30
 46434 | D:14     | Found a blossoming altar of Fedhas.
 46563 | D:14     | You fall into a shaft and drop 1 floor!
 46563 | D:15     | Entered Level 15 of the Dungeon
 47505 | D:15     | Found a sacrificial altar of Ru.
 48316 | D:15     | Found a staircase to the Depths.
 49342 | Orc:1    | Entered Level 1 of the Orcish Mines
 49614 | Orc:2    | Entered Level 2 of the Orcish Mines
 49982 | Orc:2    | Found Uporir's Distillery.
 50379 | Orc:2    | Found Syr Jugg's Gadget Shop.
 50379 | Orc:2    | Found Moggyna's Assorted Antiques.
 50379 | Orc:2    | Found Rizxusil's Weapon Shop.
 50390 | Orc:2    | Found Tehesat's Assorted Antiques.
 50400 | Orc:2    | Bought a papyrus book for 330 gold pieces
 50786 | Orc:2    | Found a staircase to the Elven Halls.
 51174 | Orc:2    | Found a roughly hewn altar of Beogh.
 51691 | Orc:2    | Learned a level 6 spell: Simulacrum
 51817 | Swamp:1  | Entered Level 1 of the Swamp
 53187 | Swamp:1  | Reached XP level 17. HP: 95/113 MP: 0/31
 54109 | Orc:2    | Bought a potion of heal wounds for 70 gold pieces
 54109 | Orc:2    | Bought a potion of might for 56 gold pieces
 54109 | Orc:2    | Bought a potion of might for 56 gold pieces
 54109 | Orc:2    | Bought a potion of heal wounds for 70 gold pieces
 54109 | Orc:2    | Bought a potion of heal wounds for 70 gold pieces
 56260 | Swamp:2  | Learned a level 6 spell: Death Channel
 57196 | Swamp:3  | Found an ancient bone altar of Kikubaaqudgha.
 57328 | Swamp:3  | Noticed Nikola
 57342 | Swamp:3  | Killed Nikola
 57973 | Swamp:4  | Entered Level 4 of the Swamp
 58431 | Swamp:4  | Reached skill level 10 in Ice Magic
 59153 | Swamp:4  | Noticed a thorn hunter
 59166 | Swamp:4  | Killed a thorn hunter
 59776 | Swamp:4  | Noticed Kirke
 59816 | Swamp:4  | Noticed a sphinx
 59816 | Swamp:4  | Killed Kirke
 60055 | Swamp:4  | Noticed a thorn hunter
 60068 | Swamp:4  | HP: 3/113 [thorn hunter/volley of thorns (28)]
 60070 | Swamp:4  | Killed a thorn hunter
 60070 | Swamp:4  | Reached XP level 18. HP: 33/119 MP: 13/32
 60727 | Swamp:4  | Got a decaying rune of Zot
 61105 | Snake:1  | Entered Level 1 of the Snake Pit
 61362 | Snake:1  | Identified Geqayts's Collected Works on Dark Rites
 63749 | Snake:2  | Noticed Aizul
 63884 | Snake:2  | Killed Aizul
 64554 | Snake:2  | Reached skill level 15 in Dodging
 65214 | Snake:3  | Identified Baurit's Incunabulum of Weightlessness
 66342 | Snake:3  | Reached XP level 19. HP: 104/124 MP: 18/33
 66639 | Snake:4  | Entered Level 4 of the Snake Pit
 67738 | Snake:4  | Killed from afar by a shock serpent

Levels and vault maps discovered:
D:1:      shiori_arrival_oz, layout_rooms
D:2:      layout_rooms, minmay_pentomino_z2
D:3:      layout_basic, first_ration, uniq_robin
D:4:      layout_basic, temple_doors_ab
D:5:      layout_loops_ring, lemuel_round_altar, nrook_campfire
D:6:      layout_gridville, basic_altar
D:7:      layout_loops_ring, gammafunk_temple_overflow_forgotten
D:8:      layout_loops_ring, dk_rats_in_the_wall
D:9:      minmay_the_grid_triangle_9x9_recursive_2_mashed
          [minmay_the_grid_triangle_9x9_prize_top_heavy,
          minmay_the_grid_triangle_9x9_limited_checkers,
          minmay_the_grid_triangle_9x9_zippers_vertical,
          minmay_the_grid_triangle_9x9_subtriangle], layout_irregular_city,
          dpeg_lair_monsters, minmay_orc_entry_guard_dogs, hangedman_fish_farm
D:10:     layout_loops_ring, eino_curves_01, worms_lemuel
D:11:     layout_loops_cross, ebering_ghost_funeral_grove,
          serial_co_window_serial, co_window_of_opportunity_a,
          co_window_paths_a, co_window_paths_a, co_window_of_opportunity_a,
          co_window_paths_a, co_window_corner_a, co_window_of_opportunity_a,
          co_window_of_opportunity_c, co_window_corner_b, co_window_corner_cb,
          co_window_broadway_a, co_window_of_opportunity_b,
          co_window_broadway_a, co_window_4corner_a, glass_columns_a,
          glass_columns_b, glass_columns_a, uniq_grum, uniq_gastronok,
          uniq_maurice, uniq_fannar
D:12:     layout_irregular_city, glass_columns_b, minmay_beelzebubs_servants,
          uniq_frances
D:13:     layout_rooms, skrybe_vaults_entry_preservation, serial_shops, shop,
          uniq_josephine
D:14:     layout_roguey [special_room_mythical_zoo], fedhas_altar_1, david_greed
D:15:     grunt_enter_depths_magical_seal, layout_gridville, hex_tiny,
          st_stairs_14, lemuel_altar_in_water
Temple:   dpeg_five_rooms_temple
Lair:1:   layout_roguey, basic_altar, eino_small_chamber_without_monster,
          uniq_joseph
Lair:2:   layout_regular_city, guppyfry_snake_entry_island,
          mumra_transporter_accident
Lair:3:   layout_concentric_octagons, minmay_swamp_entry_wisps,
          portal_ice_cave_demonic_guard, uniq_rupert
Lair:4:   layout_loops_ring, minmay_lindwurm_lava
Lair:5:   layout_regular_city, lemuel_centaur_altar
Lair:6:   minmay_lair_end_frog_pond, layout_regular_city, slime_altar_1,
          st_stairs_11, eino_house_with_fridge, uniq_urug
Swamp:1:  layout_basic_swamp, evilmike_swamp_ruin_house_5
Swamp:2:  layout_basic_swamp, evilmike_swamp_ruin_house_2, swamp_pool1,
          kb_tengu_band
Swamp:3:  layout_basic_swamp, evilmike_swamp_ruin_rubble_2, swamp_pool1,
          grunt_ruined_hall, uniq_nikola
Swamp:4:  swamp_alternative, layout_basic_swamp, swamp_pool5, uniq_kirke
Snake:1:  layout_layer_cave, grunt_megastairs_5, lemuel_fruit_tree
Snake:2:  layout_cave_town, uniq_aizul
Snake:3:  layout_gridlike, drop_trap, grunt_ministairs_3
Snake:4:  minmay_snake_end_coiled, layout_misc_corridors
Orc:1:    layout_caves, nicolae_volcano_entry_batcave
Orc:2:    st_orc_mages, layout_caves, basic_altar, serial_shops, shop,
          mines4_lemuel

Skill      XL: |  1  2  3  4  5  6  7  8  9 10 11 12 13 14 15 16 17 18 19 |
---------------+----------------------------------------------------------+-----
Stealth        | 3 4 |  4.0
Fighting       | 1 2 3 4 5 7 10 12 14 15 | 15.0
Dodging        | 3 4 5 7 9 10 13 15 | 15.0
Conjurations   | 2 3 |  3.0
Summonings     | 2 5 7 |  7.0
Ice Magic      | 4 5 7 10 13 14 | 14.8
Spellcasting   | 6 7 9 10 | 10.0
Translocations | 2 |  2.0
Necromancy     | 1 4 7 9 12 14 | 14.0
Earth Magic    | 1 4 7 9 10 12 14 | 14.0
Shields        | 2 5 |  5.8

Action                   |  1- 3 |  4- 6 |  7- 9 | 10-12 | 13-15 | 16-18 | 19-21 || total
-------------------------+-------+-------+-------+-------+-------+-------+-------++-------
Melee: Unarmed           |     9 |       |       |       |       |       |       ||     9
       Dagger            |    14 |    25 |   189 |       |       |       |       ||   228
       Hand axe          |       |       |   158 |   138 |   277 |   393 |    25 ||   991
       Staff             |       |       |       |     8 |       |       |       ||     8
       Scimitar          |       |       |       |       |   105 |     7 |       ||   112
 Fire: Hand crossbow     |       |       |       |    79 |    35 |   206 |       ||   320
Throw: Dart              |       |       |     1 |       |       |       |       ||     1
 Cast: Freeze            |    50 |   134 |   193 |   360 |   427 |   206 |     8 ||  1378
       Throw Frost       |       |     3 |     5 |    11 |    19 |     4 |       ||    42
       Summon Ice Beast  |       |       |    17 |   131 |   161 |   145 |     1 ||   455
       Blink             |       |       |       |     6 |       |     2 |       ||     8
       Borgnjor's Vile C |       |       |       |       |   199 |   271 |    32 ||   502
       Death Channel     |       |       |       |       |       |    34 |     6 ||    40
       Simulacrum        |       |       |       |       |       |     1 |       ||     1
Evoke: Wand              |       |       |       |       |     4 |       |       ||     4
  Use: Potion            |       |     1 |       |     5 |    10 |     7 |     3 ||    26
       Scroll            |       |     3 |    13 |     9 |    10 |    10 |       ||    45
 Stab: Sleeping          |     1 |     3 |     9 |     2 |       |     1 |       ||    16
       Distracted        |       |       |     4 |     1 |     5 |     9 |       ||    19
  Eat: Chunk             |    10 |    15 |    25 |    57 |   110 |   109 |     8 ||   334
       Ration            |       |       |       |       |     3 |    11 |     1 ||    15
Armor: Robe              |    13 |     3 |       |       |       |       |       ||    16
       Leather armour    |       |    19 |   157 |   103 |   279 |   236 |    14 ||   808
Dodge: Dodged            |    40 |    80 |   402 |   453 |   953 |   877 |    58 ||  2863
Block: Buckler           |       |       |       |       |   188 |   343 |    33 ||   564
       Reflection        |       |       |       |       |       |    28 |    10 ||    38
       Rpst.: Scimitar   |       |       |       |       |    34 |     5 |       ||    39
